 Dungeon Crawl Stone Soup version 0.27.1-34-g3ba077fa99 (webtiles) character file.

Game seed: 10003967682465683738

119814 ticklebelly the Warrior (level 16, -2/159 HPs)
             Began as a Minotaur Berserker on Jan 4, 2022.
             Was a High Priest of Trog.
             Slain by an 11-headed hydra (12 damage)
             ... on level 4 of the Swamp.
             The game lasted 01:31:35 (26597 turns).

ticklebelly the Warrior (Minotaur Berserker)       Turns: 26597, Time: 01:31:36

Health: -2/159     AC: 27    Str: 28    XL:     16   Next: 28%
Magic:  15/15      EV: 16    Int:  4    God:    Trog [*****.]
Gold:   1863       SH:  6    Dex: 11    Spells: 15/15 levels left

rFire    . . .     SeeInvis .   K - +7 broad axe (spect)
rCold    . . .     Faith    +   s - +0 buckler
rNeg     . . .     Spirit   .   E - +0 plate armour
rPois    .         Reflect  .   (helmet restricted)
rElec    .         Harm     .   N - scarf {repulsion}
rCorr    .         Rampage  +   T - +0 pair of gloves {Stlth+}
Will     +++..                  U - +2 pair of boots {rampage}
Stlth    ..........             c - amulet of faith
HPRegen  1.36/turn              h - +4 ring of protection
MPRegen  0.14/turn              B - +4 ring of evasion

@: lethally poisoned (-2 -> -35), strong-willed, regenerating, studying 2
skills, repel missiles
A: horns 2, retaliatory headbutt
a: Renounce Religion, Berserk, Trog's Hand, Brothers in Arms


You were on level 4 of the Swamp.
You worshipped Trog.
Trog was extremely pleased with you.
You visited 4 branches of the dungeon, and saw 22 of its levels.
You also visited: Sewer and Gauntlet.

You collected 2597 gold pieces.
You spent 734 gold pieces at shops.

Inventory:

Hand Weapons
 G - a +3 dire flail
 K - a +7 spectral broad axe (weapon)
 P - a +2 flail of holy wrath
Missiles
 n - 8 boomerangs of dispersal
 H - 14 boomerangs (quivered)
 W - 8 silver javelins
Armour
 b - a +0 kite shield of reflection
 s - a +0 buckler (worn)
 E - a +0 plate armour (worn)
 F - a +1 ring mail of fire resistance
 N - a scarf of repulsion (worn)
 T - a +0 pair of gloves of stealth (worn)
 U - a +2 pair of boots of rampaging (worn)
Jewellery
 c - an amulet of faith (around neck)
 h - a +4 ring of protection (left hand)
 k - an amulet of the acrobat
 A - an amulet of reflection
 B - a +4 ring of evasion (right hand)
 J - an amulet of regeneration
 V - a +4 ring of evasion
 Y - a ring of protection from fire
Wands
 a - a wand of acid (7)
 f - a wand of mindburst (22)
 t - a wand of flame (23)
 D - a wand of paralysis (22)
 I - a wand of charming (16)
 L - a wand of digging (5)
 M - a wand of polymorph (32)
 S - a wand of iceblast (10)
Scrolls
 e - a scroll of immolation
 i - 9 scrolls of identify
 m - 7 scrolls of teleportation
 r - a scroll of enchant armour
 u - a scroll of fog
 x - 4 scrolls of fear
 y - 6 scrolls of enchant weapon
 z - 2 scrolls of magic mapping
 C - 2 scrolls of holy word
Potions
 d - 4 potions of curing
 g - 3 potions of ambrosia
 j - 4 potions of might
 l - 2 potions of flight
 o - 2 potions of invisibility
 p - 5 potions of cancellation
 q - a potion of berserk rage {unknown}
 w - a potion of haste
 X - 2 potions of brilliance


   Skills:
 + Level 18.7 Fighting
 - Level 18.0 Axes
 - Level 17.3 Armour
 + Level 12.3 Dodging
 + Level 9.0 Shields


You had 15 spell levels left.
You didn't know any spells.
Your spell library was empty.

Dungeon Overview and Level Annotations

Branches:
Dungeon (10/15)            Temple (0/1) D:7            Lair (6/6) D:8
  Swamp (4/4) Lair:4       Spider (0/4) Lair:4        Slime (0/5) Lair:6
    Orc (2/2) D:10            Elf (0/3) Orc:2         Sewer (visited)
Gauntlet (visited)

Altars:
Dithmenos
Hepliaklqana
Kikubaaqudgha
Trog
Uskayaw
Vehumet
Xom
The Shining One

Shops:
D:7 ?   Orc:1 [[=   Orc:2 ([=*

Annotations:
Lair:4 exclusion: 2 oklob plants


Innate Abilities, Weirdness & Mutations

You have a pair of horns on your head.
You reflexively headbutt those who attack you in melee.


Message History

The 11-headed hydra misses you. The 11-headed hydra barely misses you.
You block the 11-headed hydra's attack.
The 11-headed hydra completely misses you.
You feel much better.
You are engulfed in poison gas.
You are more poisoned.
* * * LOW HITPOINT WARNING * * *
x2 You feel extremely sick.
You block the seven-headed hydra's attack.
The seven-headed hydra bites you.
* * * LOW HITPOINT WARNING * * *
The seven-headed hydra bites you but does no damage. x3
The seven-headed hydra bites you.
* * * LOW HITPOINT WARNING * * *
The seven-headed hydra misses you. The 11-headed hydra barely misses you.
The 11-headed hydra closely misses you. You block the 11-headed hydra's attack.
The 11-headed hydra barely misses you. The 11-headed hydra misses you.
The 11-headed hydra barely misses you. You block the 11-headed hydra's attack.
The 11-headed hydra bites you but does no damage. x3
The 11-headed hydra barely misses you.
You feel much better.
You are engulfed in poison gas.
You are lethally poisoned!
* * * LOW HITPOINT WARNING * * *
x2 You feel extremely sick.
A swamp drake comes into view.
The seven-headed hydra barely misses you.
You furiously retaliate!
You headbutt the seven-headed hydra!
The seven-headed hydra bites you but does no damage. x2
You block the seven-headed hydra's attack.
The seven-headed hydra bites you.
* * * LOW HITPOINT WARNING * * *
The seven-headed hydra closely misses you.
You block the seven-headed hydra's attack.
The 11-headed hydra barely misses you. The 11-headed hydra bites you.
* * * LOW HITPOINT WARNING * * *
The 11-headed hydra bites you but does no damage. x2
The 11-headed hydra barely misses you. The 11-headed hydra bites you.
* * * LOW HITPOINT WARNING * * *
The 11-headed hydra bites you but does no damage.
The 11-headed hydra bites you!
You die...

♣.≈§....†#≈.§..≈≈≈...≈...≈≈...≈≈≈
♣.......≈.≈≈≈≈♣≈..≈..≈#.....♣♣♣.≈
♣♣.≈≈≈.≈≈†.≈≈♣♣♣..≈..÷..÷≈...♣♣♣♣
♣≈≈#≈≈≈#...≈♣♣≈..♣≈♣.≈÷..≈≈..♣.≈
♣≈≈≈≈≈≈≈≈≈#≈♣♣.≈..♣♣♣≈≈≈#≈.≈≈...≈
♣♣≈≈≈≈♣♣♣≈≈≈♣.#...≈♣♣≈.....≈≈≈≈..
♣≈≈≈≈ ♣≈♣♣.≈#.°.#.♣♣♣..≈.≈≈≈≈≈♣
♣♣♣#♣ ♣♣♣♣≈###°°#≈♣ ♣♣...≈≈≈≈§.
#####@###. ♣♣.≈≈≈≈≈≈≈ #°DD##≈♣
♣♣≈≈≈≈..≈≈ ##≈°≈°#♣♣ ♣.≈≈≈.♣♣.≈
#≈≈..## ♣♣♣≈<≈≈≈♣♣.≈ #≈≈≈##.#≈#
♣.♣♣♣.≈≈≈...
#≈≈≈§≈.≈≈≈#♣♣≈♣♣≈≈.....
≈≈#≈.≈≈.#≈≈# ♣♣≈..♣♣≈♣♣≈
..k...≈.#≈## ♣♣♣.≈♣♣♣♣♣ ≈.≈##≈≈.≈
# ♣♣♣♣≈.♣♣


You could see a 11-headed hydra, a seven-headed hydra and a swamp drake.

Vanquished Creatures
  A fenstrider witch (Swamp:3)
  An orc warlord (Orc:1)
  A ghoul (Swamp:1)
  A stone giant (Orc:1)
  A minotaur (Gauntlet)
  3 ettins (Orc:2)
  A shambling mangrove (Swamp:4)
  3 eleionomae
  Harold (D:10)
  Erolcha (D:9)
  19 hydras
  2 boulder beetles
  7 ghost crabs
  6 catoblepae
  8 alligators
  13 death yaks
  The ghost of zeram the Blocker, a novice HOFi of Gozag (D:7)
  4 goliath frogs
  2 spriggan druids (Swamp:3)
  6 swamp dragons
  11 bog bodies
  Pikel (D:7)
  An orc knight (Orc:1)
  A necromancer (Swamp:3)
  An oklob plant (Lair:5)
  2 manticores (Lair:6)
  A worldbinder (Gauntlet)
  6 will-o-the-wisps
  An orb spider (Lair:4)
  12 elephants (Lair:6)
  8 cyclopes (Orc:2)
  4 black mambas
  An unseen horror (D:10)
  12 cane toads
  Maggie (D:9)
  11 komodo dragons
  3 polar bears
  2 trolls (D:10)
  9 hornets
  6 slime creatures
  16 dream sheep
  7 tyrant leeches
  34 blink frogs
  2 centaur simulacra (Gauntlet)
  A wraith (D:10)
  6 spriggans
  3 wyverns
  36 yaks
  A steam dragon (D:9)
  7 vampire mosquitoes
  5 basilisks
  Menkaure (D:7)
  12 swamp worms
  7 wargs
  15 water moccasins
  3 swamp drakes
  Purgy (Sewer)
  10 orc warriors
  2 necrophages
  A black bear (D:8)
  3 boggarts (Gauntlet)
  7 ogres
  27 wolves
  5 centaurs
  2 phantoms
  12 bullfrogs
  A kobold brigand (D:8)
  A wyvern zombie (D:6)
  2 gnoll sergeants
  A scorpion (D:5)
  A water moccasin skeleton (D:5)
  13 killer bees
  3 wights (D:8)
  5 howler monkeys
  2 electric eels
  3 centaur zombies
  A wyvern simulacrum (Gauntlet)
  A gnoll shaman (D:8)
  3 hounds
  10 orc priests
  5 iguanas
  2 bullfrog skeletons
  15 orc wizards
  5 hell rats (Lair:6)
  A hound skeleton (D:5)
  A howler monkey zombie (D:6)
  16 gnolls
  A howler monkey skeleton (D:7)
  7 adders
  A white imp (D:6)
  An ufetubus (D:6)
  2 worms
  4 dart slugs
  29 orcs
  6 ball pythons
  4 bats
  6 endoplasms
  5 giant cockroaches
  10 hobgoblins
  2 jackals (D:2)
  3 quokkas
  9 frilled lizards
  6 goblins
  9 kobolds
  5 rats
604 creatures vanquished.

Vanquished Creatures (collateral kills)
  A thorn hunter (Swamp:2)
  2 fenstrider witches
  2 bog bodies (Swamp:1)
  2 hornets (Swamp:1)
  2 spriggans (Swamp:1)
  2 swamp drakes (Swamp:4)
  An ogre (D:7)
12 creatures vanquished.

Vanquished Creatures (others)
  A hydra (Swamp:1)
  A swamp dragon (Swamp:1)
  19 demonic plants (Gauntlet)
  28 foxfires
  36 fungi
  49 plants
  21 withered plants (Swamp:1)
155 creatures vanquished.

Grand Total: 771 creatures vanquished

Notes
Turn   | Place    | Note
-------+----------+-------------------------------------------
     0 | D:1      | ticklebelly the Minotaur Berserker began the quest for the
                  | Orb.
     0 | D:1      | Reached XP level 1. HP: 19/19 MP: 0/0
   379 | D:1      | Reached XP level 2. HP: 27/27 MP: 1/1
  1218 | D:2      | Reached XP level 3. HP: 32/34 MP: 2/2
  1835 | D:2      | Found a faded altar of an unknown god.
  1893 | D:2      | Reached XP level 4. HP: 41/41 MP: 3/3
  1941 | D:2      | Reached skill level 5 in Fighting
  2029 | D:2      | Reached skill level 5 in Axes
  2632 | D:3      | Reached ** piety under Trog
  3094 | D:3      | Reached XP level 5. HP: 38/49 MP: 4/4
  3444 | D:4      | Reached XP level 6. HP: 41/57 MP: 5/5
  4013 | D:4      | Found a hazy altar of Hepliaklqana.
  4014 | D:4      | Found a shadowy altar of Dithmenos.
  4014 | D:4      | Noticed a shadow
  4630 | D:5      | Entered Level 5 of the Dungeon
  4660 | D:5      | Found a glowing drain.
  4677 | Sewer    | Entered a sewer
  4685 | Sewer    | Reached skill level 1 in Shields
  4697 | Sewer    | Noticed Purgy
  4719 | Sewer    | Killed Purgy
  4720 | Sewer    | Reached XP level 7. HP: 56/64 MP: 6/6
  4895 | D:5      | Reached *** piety under Trog
  5752 | D:6      | Reached XP level 8. HP: 74/74 MP: 7/7
  5774 | D:6      | Reached skill level 5 in Armour
  6879 | D:7      | Noticed zeram's ghost (novice HOFi)
  6880 | D:7      | Found a transporter.
  6884 | D:7      | Found a transporter.
  7039 | D:7      | Noticed Pikel
  7059 | D:7      | Killed Pikel
  7060 | D:7      | Reached XP level 9. HP: 74/83 MP: 8/8
  7307 | D:7      | Noticed Menkaure
  7318 | D:7      | Killed Menkaure
  7527 | D:7      | Found a staircase to the Ecumenical Temple.
  7583 | D:7      | Found Fybbinn's Magic Scroll Boutique.
  8199 | D:8      | Reached skill level 10 in Fighting
  8318 | D:8      | Reached **** piety under Trog
  8327 | D:8      | Reached skill level 10 in Axes
  9084 | D:8      | Found a staircase to the Lair.
  9085 | D:8      | Noticed a komodo dragon
  9326 | Lair:1   | Entered Level 1 of the Lair of Beasts
  9326 | Lair:1   | Noticed a komodo dragon
  9351 | D:8      | Killed a komodo dragon
  9390 | D:8      | Killed a komodo dragon
  9391 | D:8      | Reached XP level 10. HP: 51/94 MP: 9/9
  9680 | D:9      | Found a radiant altar of Vehumet.
  9683 | D:9      | Found a shimmering altar of Xom.
  9685 | D:9      | Found an ancient bone altar of Kikubaaqudgha.
  9685 | D:9      | Found a glowing golden altar of the Shining One.
  9722 | D:9      | Found a bloodstained altar of Trog.
  9722 | D:9      | Found a hide-covered altar of Uskayaw.
 10021 | D:9      | Noticed Maggie
 10034 | D:9      | Killed Maggie
 10150 | D:9      | Reached ***** piety under Trog
 10416 | D:9      | Noticed Erolcha
 10437 | D:9      | Killed Erolcha
 10438 | D:9      | Reached skill level 10 in Armour
 10596 | D:10     | Entered Level 10 of the Dungeon
 10596 | D:10     | Found a staircase to the Orcish Mines.
 10835 | D:10     | Reached XP level 11. HP: 100/104 MP: 10/10
 11226 | D:10     | Noticed a lindwurm
 11226 | D:10     | Noticed a lindwurm
 11233 | D:10     | Noticed a lindwurm
 11291 | D:10     | Noticed Harold
 11305 | D:10     | Killed Harold
 11767 | D:7      | Killed zeram's ghost
 12137 | Lair:1   | Reached skill level 5 in Dodging
 12824 | Lair:2   | Noticed a four-headed hydra
 12840 | Lair:2   | Killed a five-headed hydra
 12920 | Lair:2   | Reached XP level 12. HP: 106/115 MP: 11/11
 13143 | Lair:2   | Noticed a five-headed hydra
 13154 | Lair:2   | Killed a five-headed hydra
 13266 | Lair:2   | Received a gift from Trog
 14028 | Lair:3   | Noticed a boulder beetle
 14047 | Lair:3   | Found a gate leading to a gauntlet.
 14058 | Gauntlet | Entered a Gauntlet
 14058 | Gauntlet | Found a transporter.
 14093 | Gauntlet | Found a transporter.
 14101 | Gauntlet | Found a transporter.
 14103 | Gauntlet | Found a transporter.
 14130 | Gauntlet | Found a transporter.
 14135 | Gauntlet | Noticed a ghost crab
 14138 | Gauntlet | Found a transporter.
 14154 | Gauntlet | Found a transporter.
 14174 | Gauntlet | Found a transporter.
 14186 | Gauntlet | Found a transporter.
 14188 | Gauntlet | Noticed a great orb of eyes
 14198 | Gauntlet | Found a transporter.
 14210 | Gauntlet | Found a transporter.
 14222 | Gauntlet | Found a transporter.
 14242 | Gauntlet | Found a transporter.
 14257 | Gauntlet | Found a transporter.
 14259 | Gauntlet | Found a transporter.
 14292 | Gauntlet | Found a transporter.
 14354 | Gauntlet | Found a transporter.
 14385 | Gauntlet | Found a transporter.
 14452 | Gauntlet | Killed a ghost crab
 14491 | Gauntlet | Noticed a minotaur
 14499 | Gauntlet | Killed a minotaur
 14590 | Lair:4   | Noticed an eight-headed hydra
 14602 | Lair:4   | Killed an eight-headed hydra
 14949 | Lair:4   | Noticed a four-headed hydra
 14955 | Lair:4   | Killed a four-headed hydra
 14956 | Lair:4   | Reached XP level 13. HP: 125/125 MP: 3/12
 14973 | Lair:4   | Found a hole to the Spider Nest.
 15653 | Lair:4   | Reached skill level 15 in Fighting
 15683 | Lair:4   | Reached skill level 15 in Axes
 15872 | Lair:4   | Found a staircase to the Swamp.
 17332 | Lair:6   | Entered Level 6 of the Lair of Beasts
 17427 | Lair:6   | Reached skill level 15 in Armour
 17656 | Lair:6   | Reached XP level 14. HP: 136/137 MP: 4/13
 17676 | Lair:6   | Received a gift from Trog
 18018 | Lair:6   | Found a staircase to the Slime Pits.
 19072 | Orc:1    | Entered Level 1 of the Orcish Mines
 19072 | Orc:1    | Found Uckan's Armour Boutique.
 19147 | Orc:1    | Found Unikluap's Jewellery Shop.
 19185 | Orc:1    | Noticed an orc warlord
 19213 | Orc:1    | Killed an orc warlord
 19235 | Orc:1    | Reached ****** piety under Trog
 19296 | Orc:1    | Found Ciuh Ikk's Armour Boutique.
 19594 | Orc:2    | Entered Level 2 of the Orcish Mines
 19594 | Orc:2    | Noticed a stone giant
 19594 | Orc:2    | Found Domo Elo's Antique Weapon Shop.
 19609 | Orc:1    | Killed a stone giant
 19625 | Orc:2    | Found a staircase to the Elven Halls.
 19843 | Orc:2    | Found Weiwad's Antique Armour Emporium.
 19849 | Orc:2    | Reached XP level 15. HP: 147/147 MP: 4/14
 19920 | Orc:2    | Found Dutzut's Jewellery Emporium.
 19932 | Orc:2    | Found Mupuneps's General Store.
 20531 | D:7      | Bought a scroll of acquirement for 624 gold pieces
 20531 | D:7      | Acquired a manual of Dodging
 20636 | Orc:1    | Bought a +0 kite shield of reflection for 110 gold pieces
 20783 | Swamp:1  | Entered Level 1 of the Swamp
 21319 | Swamp:1  | Received a gift from Trog
 21355 | Swamp:1  | Reached skill level 5 in Shields
 22479 | Swamp:2  | Noticed a fenstrider witch
 22491 | Swamp:2  | Killed a fenstrider witch
 23369 | Swamp:2  | Noticed a thorn hunter
 23382 | Swamp:2  | Killed a thorn hunter
 24111 | Swamp:3  | Reached skill level 10 in Dodging
 24201 | Swamp:3  | Noticed a fenstrider witch
 24212 | Swamp:3  | Killed a fenstrider witch
 24642 | Swamp:3  | HP: 1/150 [poison (poison gas)]
 24656 | Swamp:4  | Entered Level 4 of the Swamp
 24973 | Swamp:3  | Reached XP level 16. HP: 159/159 MP: 15/15
 26595 | Swamp:4  | Received a gift from Trog
 26597 | Swamp:4  | Slain by an 11-headed hydra

Illustrated notes

Levels and vault maps discovered:
D:1:      dpeg_arrival_tiny_b, layout_basic
D:2:      layout_basic, hellmonk_ecumenical_altar_zigzags
D:3:      layout_basic, hex_large, kennysheep_generic_room_12
D:4:      layout_basic, riverfiend_overflow_shadow_ancestor, minivault_25,
          lightli_minifort
D:5:      layout_basic, portal_sewer_entry_a
D:6:      layout_loops_ring
D:7:      layout_loops_ring, minmay_temple_entry_trees, gammafunk_ghost_smash,
          serial_shops, shop, uniq_menkaure, uniq_pikel
D:8:      layout_layer_cave, david_lair_shrubbed
D:9:      layout_loops_ring, grunt_temple_overflow_open, uniq_maggie,
          uniq_erolcha
D:10:     layout_loops_ring, minmay_orc_entry_guard_dogs, minmay_lindwurm_lava,
          uniq_harold
Lair:1:   layout_gridlike, grunt_megastairs_4
Lair:2:   layout_cellular_growth
Lair:3:   layout_roguey, gauntlet_entry_generic, serial_bayou_shore_b
Lair:4:   layout_hall_layers, palyth_hydra_swamp_entry,
          nicolae_spider_entry_orb_guardian, infiniplex_staircase_pool,
          minmay_lair_oklob_chamber, grunt_megastairs_1
Lair:5:   layout_hall_layers
Lair:6:   evilmike_catoblepas_cave, layout_small_grid, dpeg_slime_entry_corner,
          lemuel_fruit_fields
Swamp:1:  layout_falls_marsh, evilmike_swamp_ruin_house_4, st_shrine_of_shade
Swamp:2:  layout_basic_swamp, evilmike_swamp_ruin_rubble_1, swamp_pool3,
          nicolae_swamp_spooky_pond
Swamp:3:  nicolae_swamp_standing_stones, layout_basic_swamp,
          evilmike_swamp_ruin_house_2
Swamp:4:  swamp_old_school, layout_basic_swamp
Orc:1:    layout_caves, serial_shops, nicolae_shop_competitors_out_of_business,
          nicolae_shop_crystal, shop, nicolae_orc_rockfall
Orc:2:    grunt_orc_gardens, layout_caves, grunt_orc_garden, grunt_orc_garden,
          grunt_orc_garden, grunt_orc_garden

Skill      XL: |  1  2  3  4  5  6  7  8  9 10 11 12 13 14 15 16 |
---------------+-------------------------------------------------+-----
Fighting       | 4 5 6 7 9 10 12 13 14 16 17 18 | 18.7
Axes           | 4 5 6 7 9 10 12 13 14 16 17 18 | 18.0
Armour         | 3 4 7 9 10 12 13 15 16 17 | 17.3
Shields        | 1 3 4 7 9 |  9.0
Dodging        | 5 6 11 12 | 12.3

Action                   |  1- 3 |  4- 6 |  7- 9 | 10-12 | 13-15 | 16-18 || total
-------------------------+-------+-------+-------+-------+-------+-------++-------
Melee: Hand axe          |    54 |   141 |   355 |   230 |       |       ||   780
       Headbutt          |     9 |    25 |    64 |   141 |   210 |    20 ||   469
       War axe           |       |       |       |   192 |       |       ||   192
       Dire flail        |       |       |       |    10 |       |       ||    10
       Broad axe         |       |       |       |   139 |   765 |    80 ||   984
       Flail             |       |       |       |    16 |    26 |       ||    42
Throw: Boomerang         |       |       |       |       |     2 |       ||     2
Invok: Berserk           |       |     1 |     3 |     8 |     4 |       ||    16
       Trog's Hand       |       |       |     2 |     5 |     5 |     2 ||    14
       Brothers in Arms  |       |       |       |     2 |     8 |     2 ||    12
  Use: Scroll            |       |       |       |       |    28 |       ||    28
       Potion            |       |       |       |       |     5 |     5 ||    10
 Stab: Distracted        |       |       |       |       |     4 |     4 ||     8
Armor: Animal skin       |     4 |       |       |       |       |       ||     4
       Ring mail         |     9 |    64 |    14 |       |       |       ||    87
       Chain mail        |       |       |    74 |       |       |       ||    74
       Scale mail        |       |       |     7 |       |       |       ||     7
       Plate armour      |       |       |    51 |   282 |   443 |    66 ||   842
Dodge: Dodged            |    30 |    82 |   146 |   288 |   498 |    60 ||  1104
       Repelled          |       |       |       |     1 |     6 |     3 ||    10
Block: Buckler           |       |     7 |   155 |    92 |   151 |    24 ||   429
       Reflection        |       |       |     7 |       |       |       ||     7
